 Dungeon Crawl Stone Soup version 0.16-a0-1120-gd281f79 (webtiles) character file.

359 RobertPalmer the Cudgeler (level 6, -3/39 HPs)
             Began as an Octopode Gladiator on Oct 6, 2014.
             Slain by an ogre
             ... wielding a +0 giant club
              (31 damage)
             ... on level 4 of the Dungeon.
             The game lasted 00:15:15 (3626 turns).

RobertPalmer the Cudgeler (Octopode Gladiator)      Turns: 3626, Time: 00:15:15

Health: -3/39      AC:  2    Str: 14    XL:     6   Next: 65%
Magic:  6/6        EV: 12    Int: 13    God:
Gold:   24         SH:  6    Dex: 12    Spells: 0 memorised, 5 levels left

rFire  . . .     SeeInvis .     a - +0 flail
rCold  + . .     Clarity  .     y - +3 buckler {rC+}
rNeg   . . .     SustAb   .     c - +1 hat
rPois  .         Gourm    .     (no amulet)
rElec  .         Spirit   .     (no ring)
rCorr  .         Warding  .     (no ring)
rMut   .         Stasis   .     (no ring)
MR     .....                    (no ring)
Stlth  ++........               (no ring)
                                (no ring)
                                (no ring)
                                (no ring)

@: not resistant to hostile enchantments, unstealthy
A: almost no armour, amphibious, 8 rings, constrict 8, camouflage 1, gelatinous
body 1
a: no special abilities


You were on level 4 of the Dungeon.
You were hungry.

You visited 1 branch of the dungeon, and saw 4 of its levels.

You collected 132 gold pieces.
You spent 108 gold pieces at shops.


Innate Abilities, Weirdness & Mutations

You cannot wear most types of armour.
You are amphibious.
You can wear up to eight rings at the same time.
You can use your tentacles to constrict many enemies at once.
Your skin changes colour to match your surroundings (Stealth).
Your rubbery body absorbs attacks (AC +1).


   Skills:
 - Level 2.0 Fighting
 + Level 7.3 Maces & Flails
 - Level 2.0 Throwing
 - Level 3.0 Dodging


You had 5 spell levels left.
You didn't know any spells.

Inventory:

Hand weapons
 a - a +0 flail (weapon)
 b - a +1 mace of holy wrath
 e - a cursed -2 dagger
Missiles
 d - 2 throwing nets (quivered)
 u - 10 poisoned needles
Armour
 c - a +1 hat (worn)
 y - a +3 buckler of cold resistance (worn)
Comestibles
 f - 2 bread rations
 i - a meat ration
 q - a slice of pizza
 A - 9 fruits
Scrolls
 j - a scroll of amnesia {unknown}
 k - a scroll of random uselessness {unknown}
 l - a scroll of teleportation
 o - 2 scrolls of blinking
 s - a scroll of immolation {unknown}
 t - a scroll of noise {unknown}
Jewellery
 g - an uncursed ring of ice
 w - a cursed ring of loudness
Potions
 m - 4 potions of curing
 n - 2 potions of mutation {!q}
 p - a potion of confusion {unknown}
 r - a potion of brilliance
 v - a potion of poison {!q}
 z - a potion of agility
 B - a potion of resistance

Dungeon Overview and Level Annotations

Branches:
Dungeon (4/15)
 Temple: D:4-7

Altars:
Fedhas
Yredelemnul

Shops:
D:4 [

Annotations:
D:3 Grinder

#######...............#
................%.......
#######.###..#.######.#
#......).....<.[.
#.###..#.######.# ####.#
#..#.# #.# #.##.#
#..#.######.#
#.##.###...........#
#..@.....%..######.#
#.##O###>...........
#...........######..
#.##.###+##'#### #.#
########.##.##........#
#.#
#...........##........#
#'#
#######o######...######
##. #O#.# #...# #.
#.#.####...# #.


You could see an ogre.


Message History

You hit the orc wizard.
The orc wizard is lightly wounded.
You constrict the orc wizard. The orc wizard barely misses you.
You hit the orc wizard but do no damage.
You squeeze the orc wizard.
The orc wizard is severely wounded.
You constrict the orc wizard.
The orc wizard hits you but does no damage.
You hit the orc wizard.
You kill the orc wizard!
Throwing (i - inventory):
d - 3 throwing nets (quivered)
Aim: an ogre, wielding a giant club You throw a throwing net.
The throwing net hits the ogre.
The ogre is caught in the net!
The ogre struggles against the net.
You thump the ogre!
The ogre is moderately wounded.
The ogre struggles against the net.
The helpless ogre fails to defend itself.
You hit the ogre.
The ogre is heavily wounded.
The ogre struggles against the net.
You hit the ogre.
The ogre is severely wounded.
The ogre struggles against the net.
The net rips apart, and the ogre comes free!
You hit the ogre.
The ogre is severely wounded.
The ogre hits you with a giant club!!
Ouch! That really hurt!
You die...

Action                   |  1- 3 |  4- 6 || total
-------------------------+-------+-------++-------
Melee: Flail             |    71 |   105 ||   176
Throw: Throwing net      |       |     4 ||     4
  Use: Scroll            |       |    13 ||    13
 Stab: Sleeping          |     3 |     2 ||     5
       Held in net/web   |       |     2 ||     2
  Eat: Chunk             |     2 |     6 ||     8

Vault maps used:
D:1:      minmay_arrival_widening_spiral_wide
D:2:      fedhas_altar_4, yredelemnul_altar_generic, minmay_rat_hole
D:3:      serial_bayou_pond_b, uniq_sigmund, uniq_grinder, uniq_terence
D:4:      minitemple, minmay_temple_entry_fiery, serial_shops, kennysheep_mini,
          st_stairs_8, uniq_edmund

Notes
Turn   | Place    | Note
--------------------------------------------------------------
     0 | D:1      | RobertPalmer, the Octopode Gladiator, began the quest for the Orb.
     0 | D:1      | Reached XP level 1. HP: 14/14 MP: 1/1
   161 | D:1      | Reached XP level 2. HP: 17/19 MP: 2/2
   810 | D:2      | Reached skill level 4 in Maces & Flails
   853 | D:2      | Found a basalt altar of Yredelemnul.
   858 | D:2      | Reached XP level 3. HP: 20/24 MP: 3/3
  1537 | D:2      | Reached XP level 4. HP: 29/29 MP: 4/4
  1607 | D:2      | Reached skill level 5 in Maces & Flails
  1868 | D:2      | Found a blossoming altar of Fedhas.
  2336 | D:3      | Noticed Grinder
  2446 | D:2      | Reached XP level 5. HP: 23/34 MP: 5/5
  2968 | D:4      | Noticed an ogre
  2986 | D:4      | Killed an ogre
  2986 | D:4      | Reached skill level 6 in Maces & Flails
  3021 | D:4      | Reached XP level 6. HP: 35/39 MP: 6/6
  3280 | D:4      | Found Ciusiab's Antique Armour Boutique.
  3283 | D:4      | Bought a shiny buckler for 108 gold pieces
  3343 | D:4      | Identified a potion of resistance
  3559 | D:4      | Reached skill level 7 in Maces & Flails
  3595 | D:4      | Noticed an ogre
  3626 | D:4      | Slain by an ogre

Vanquished Creatures
  An ogre (D:4)
  An orc priest (D:4)
  A worker ant (D:4)
  2 orc wizards (D:4)
  7 adders
  2 worms (D:2)
  4 giant geckos (D:2)
  An ooze (D:1)
  11 orcs
  6 bats
  A giant cockroach (D:1)
  8 hobgoblins
  3 jackals (D:4)
  3 quokkas (D:2)
  A ball python (D:1)
  4 giant newts
  3 goblins
  6 kobolds
  25 rats
90 creatures vanquished.
